Description

Début écononmic où avec les overlords et les 8zerglings on scouts permettant de s'adapter à l'adversaire. à l'aide des 3bases.

Build Order

Get SALT Encoding   

  13  0:01  Drone  
  13  0:13  Overlord  
  14  0:17  Drone  
  14  0:32  Drone x3  
  17  0:54  Hatchery  
  16  1:03  Drone x2  
  17  1:10  Extractor  
  16  1:15  Spawning Pool  
  16  1:16  Drone  
  17  1:20  Drone  
  18  1:23  Drone  
  19  1:40  Overlord  
  19  2:03  Queen, Zergling  x3
  23  2:05  Queen, Zergling  x1
  27  2:14  Metabolic Boost  
  28  2:19  Drone  
  28  2:23  Drone  x3
  31  2:41  Hatchery  
  32  2:43  Drone  
  33  2:49  Drone  
  34  2:51  Drone  
  34  3:01  Lair  
  34  3:02  Drone  x3
  35  3:16  Overlord  
  35  3:20  Roach Warren  
  35  3:23  Extractor  
Spawning Tool Build Advisor. Get it on Overwolf

Go to:

Details

  • Created by: Khonaty
  • Published on: Mar 26, 2020
  • Modified on: Mar 26, 2020
  • Patch: 4.11.0
Show
View Real Time Build Order
Export as new Build Order

Comments (0)

There are no comments. Be the first!

Create an account to comment!